 Dungeon Crawl Stone Soup version 0.29-a0-998-g1987434951 (webtiles) character file.

Game seed: 9989400349776640237

1416 hermitkingdom the Carver (level 9, -2/63 HPs)
             Began as a Human Berserker on Aug 5, 2022.
             Was a Priest of Trog.
             Killed from afar by Ijyb (19 damage)
             ... with an iceblast
             ... on level 5 of the Dungeon.
             The game lasted 00:46:37 (9071 turns).

hermitkingdom the Carver (Human Berserker)          Turns: 9071, Time: 00:46:37

Health: -2/63      AC: 11    Str: 17    XL:     9   Next: 2%
Magic:  9/9        EV: 10    Int:  8    God:    Trog [***...]
Gold:   322        SH:  0    Dex: 17    Spells: 8/8 levels left

rFire   + + .      SeeInvis .   a - +2 falchion
rCold   x . .      Faith    .   (no shield)
rNeg    . . .      Spirit   .   o - +0 fire dragon scales
rPois   .          Reflect  .   (no helmet)
rElec   .          Harm     .   (no cloak)
rCorr   .          Rampage  .   (no gloves)
Will    +++..                   g - +2 pair of boots
Stlth   ..........              (no amulet)
HPRegen 1.20/turn               q - ring of willpower
MPRegen 0.11/turn               (no ring)

@: mighty, strong-willed, on berserk cooldown, flying, regenerating, slowed,
very slow
A: no striking features
a: Renounce Religion, Berserk, Trog's Hand


You were on level 5 of the Dungeon.
You worshipped Trog.
Trog was most pleased with you.
You visited 1 branch of the dungeon, and saw 5 of its levels.
You also visited: Sewer.

You collected 322 gold pieces.

Inventory:

Hand Weapons
 a - a +2 falchion (weapon)
 c - a +2 dagger of protection
 d - a +2 dagger of venom
 h - a +2 dagger of electrocution
Armour
 b - a +0 animal skin
 g - a +2 pair of boots (worn)
 i - a +0 hat
 o - +0 fire dragon scales (worn)
Jewellery
 q - a ring of willpower (left hand)
Potions
 e - a potion of mutation {unknown}
 j - a potion of attraction {unknown}
 k - a potion of invisibility {unknown}
 l - a potion of heal wounds {unknown}
 m - a potion of might
 n - a potion of magic {unknown}


   Skills:
 - Level 3.0 Fighting
 * Level 10.9 Long Blades
 - Level 2.0 Armour
 - Level 2.0 Dodging


You had 8 spell levels left.
You didn't know any spells.
Your spell library contained the following spells:

 Spells                   Type           Power      Damage    Failure   Level
 Necrotise                Necr           0%         1d4       88%         1


Dungeon Overview and Level Annotations

Branches:
Dungeon (5/15)              Sewer (visited)
 Temple: D:4-7

Altars:
Kikubaaqudgha
Makhleb
Sif Muna
Vehumet

Annotations:
D:1 exclusions: 2 downstairs and 1 more exclusion
D:2 exclusion: 2 downstairs
D:3 1 exclusion
D:4 exclusions: 2 downstairs and 1 more exclusion
D:5 1 runed door + !!!PIKEL!!!, exclusions: door and 1 more exclusion, Eustachio; Ijyb; Jackthecabe's ghost, amateur HuIE; Pikel


Message History

The orc attacks as you move away! The orc hits you but does no damage.
The orc barely misses you.
You feel the effects of Trog's Hand fading.
Ijyb zaps a wand.
The mass of ice explodes!
The iceblast engulfs you!
You feel a painful chill!
The iceblast engulfs the orc!
The orc dies!
The orc hits you but does no damage.
You hear a shout!
The orc attacks as you move away! The orc hits you with a +0 dagger.
Ijyb hits you with a +0 club.
There is an open door here.
You hit Ijyb.
Ijyb is almost dead.
Ijyb hits you but does no damage. The orc attacks as you move away!
The orc hits you but does no damage.
Ijyb zaps a wand.
The mass of ice explodes!
The iceblast engulfs you!
You feel a painful chill!
Ijyb zaps a wand.
The mass of ice explodes!
The iceblast engulfs you!
You feel a painful chill!
* * * LOW HITPOINT WARNING * * *
The iceblast engulfs the orc!
The orc dies!
There are monsters nearby!
Okay, then.
You aren't carrying any scrolls.
Your skin stops crawling.
You feel less strong-willed.
It was a potion of might.
You feel very mighty all of a sudden.
You swing at nothing.
Ijyb screams, "Level is mine!
All mine!"
Ijyb hits you but does no damage.
Okay, then.
You aren't carrying any scrolls.
Your skin crawls.
You feel strong-willed.
Ijyb hits you but does no damage. x2; The orc misses you.
The orc attacks as you move away! The orc hits you but does no damage.
Ijyb screams, "It's all mine!"
Ijyb zaps a wand.
The mass of ice explodes!
The iceblast engulfs you!!
You feel a painful chill!
You die...

#.... #...# #...# #+##
##...# #..' #....# #..#
#....# #..##### #....#
#..##..#........#....#
#..##@.#........#.....
#.og...#.......)#.....
#..######...##..#.....
#..#....#...##>.#.....
#.)'o...#.......#.....
#..#....#.......#.....
#####....'.......#.....
#.....)..#...##..##....
#........######..##....


You could see Ijyb and an orc.

Vanquished Creatures
  Grinder (D:4)
  Sigmund (D:3)
  An ice beast (D:5)
  An ogre (D:5)
  A lemure (D:5)
  2 phantoms
  A necrophage (D:4)
  2 scorpions
  3 jellies
  2 hounds
  An iguana (D:4)
  5 orc wizards (D:3)
  Terence (D:3)
  Robin (D:2)
  3 river rats
  5 adders
  4 worms
  2 dart slugs
  8 orcs
  4 bats
  17 endoplasms
  5 giant cockroaches
  15 goblins
  13 hobgoblins
  2 jackals (D:1)
  10 kobolds
  7 quokkas
  10 ball pythons
  4 frilled lizards
  13 rats
145 creatures vanquished.

Vanquished Creatures (others)
  2 orcs (D:5)
  5 demonic plants (D:3)
  6 fungi (D:3)
  12 plants (D:3)
  4 withered plants (D:3)
29 creatures vanquished.

Grand Total: 174 creatures vanquished

Notes
Turn   | Place    | Note
-------+----------+-------------------------------------------
     0 | D:1      | hermitkingdom the Human Berserker began the quest for the
                  | Orb.
     0 | D:1      | Reached XP level 1. HP: 18/18 MP: 1/1
   357 | D:1      | Reached XP level 2. HP: 20/24 MP: 2/2
  1047 | D:1      | Reached skill level 4 in Long Blades
  1047 | D:1      | Reached XP level 3. HP: 29/29 MP: 3/3
  2371 | D:2      | Reached ** piety under Trog
  2442 | D:2      | Reached XP level 4. HP: 35/35 MP: 4/4
  2738 | D:2      | Noticed Robin
  2768 | D:2      | Reached skill level 5 in Long Blades
  2865 | D:2      | Killed Robin
  3428 | D:2      | Reached XP level 5. HP: 41/41 MP: 5/5
  3730 | D:3      | Reached skill level 6 in Long Blades
  3992 | D:3      | Noticed Sigmund
  4168 | D:3      | Found a radiant altar of Vehumet.
  4172 | D:3      | Reached XP level 6. HP: 47/47 MP: 6/6
  4180 | D:3      | Found an ancient bone altar of Kikubaaqudgha.
  4250 | D:3      | Got Kikubaaqudgha's Spellbook of Dark Rituals
  4261 | D:3      | Found a shimmering blue altar of Sif Muna.
  4790 | D:3      | Reached skill level 7 in Long Blades
  4996 | D:3      | Found a faded altar of an unknown god.
  5127 | D:3      | Noticed Terence
  5158 | D:3      | Killed Terence
  5853 | D:4      | Reached XP level 7. HP: 51/52 MP: 7/7
  5860 | D:4      | Found a glowing drain.
  5869 | Sewer    | Entered a sewer
  5999 | Sewer    | Reached *** piety under Trog
  6270 | Sewer    | Found a shimmering altar of Xom.
  6289 | Sewer    | Reached skill level 8 in Long Blades
  6696 | D:4      | Found a burning altar of Makhleb.
  7364 | D:4      | Noticed Grinder
  7405 | D:4      | Killed Grinder
  7406 | D:4      | Reached skill level 9 in Long Blades
  7406 | D:4      | Reached XP level 8. HP: 32/58 MP: 8/8
  7704 | D:5      | Entered Level 5 of the Dungeon
  8126 | D:5      | Found a runed translucent door.
  8132 | D:5      | Noticed Jackthecabe's ghost (amateur HuIE)
  8165 | D:5      | Noticed Pikel
  8332 | D:5      | Reached skill level 10 in Long Blades
  8534 | D:5      | Noticed Eustachio
  8766 | D:3      | Killed Sigmund
  9029 | D:5      | Noticed Ijyb
  9045 | D:5      | Reached XP level 9. HP: 38/63 MP: 9/9
  9071 | D:5      | Killed from afar by Ijyb

Illustrated notes

Levels and vault maps discovered:
D:1:      dpeg_arrival_arbitrary_c, layout_basic, minmay_shallow_snake_nest
D:2:      layout_basic, grunt_ministairs_12, grunt_decor_cap, fountainhead,
          uniq_robin
D:3:      layout_basic, palyth_temple_overflow_mages,
          shapermc_ecumenical_altar_gd, chequers_serial_rivers_room_b,
          uniq_terence, uniq_sigmund
D:4:      layout_loops_corners, overflow_temple_1_default, portal_sewer_entry_b,
          minmay_between, uniq_grinder
D:5:      layout_gridville, ebering_ghost_reflecting_pool,
          minmay_misc_feat_secret_circle, minmay_misc_feat_four_crosses,
          supply_closet_lemuel, kennysheep_big_empty_room, uniq_pikel,
          uniq_ijyb, uniq_eustachio

Skill      XL: |  1  2  3  4  5  6  7  8 |
---------------+-------------------------+-----
Long Blades    | 4 5 6 7 9 10 | 10.9
Fighting       | |  3.0
Armour         | |  2.0
Dodging        | |  2.0

Action                   |  1- 3 |  4- 6 |  7- 9 || total
-------------------------+-------+-------+-------++-------
Melee: Falchion          |    13 |       |   207 ||   220
       Dagger            |   129 |   295 |    21 ||   445
       Punch             |       |     4 |     2 ||     6
Invok: Berserk           |       |     3 |     2 ||     5
       Trog's Hand       |       |     2 |     5 ||     7
  Use: Scroll            |     8 |     2 |     5 ||    15
       Potion            |       |     2 |     6 ||     8
 Stab: Sleeping          |       |     1 |     3 ||     4
Armor: Animal skin       |    28 |    83 |    34 ||   145
       Fire dragon scale |       |       |    59 ||    59
       Skin              |       |       |     4 ||     4
Dodge: Dodged            |    99 |   134 |   129 ||   362

Table legend: (Time is in decaauts)
 A = Elapsed time spent in this place.
 B = Non-inter-level travel time spent in this place.
 C = Inter-level travel time spent in this place.
 D = Time resting spent in this place.
 E = Time spent auto-exploring this place.
 F = Levels seen in this place.
 G = Mean time per level.
                   A        B        C        D        E       F      G
               +--------+--------+--------+--------+--------+-----+--------+
         Total |   9059 |   8287 |    772 |     56 |   5921 |   6 | 1509.8 |
       Dungeon |   8272 |   7500 |    772 |     56 |   5394 |   5 | 1654.4 |
         Sewer |    786 |    786 |      0 |      0 |    527 |   1 |  786.0 |
               +--------+--------+--------+--------+--------+-----+--------+

Top non-repeatable levels by time:
     D:3: 2342 daAuts
     D:1: 2096 daAuts
     D:4: 1679 daAuts
     D:2: 1391 daAuts
   Sewer: 786 daAuts
     D:5: 763 daAuts
